 Dungeon Crawl Stone Soup version 0.28.0-45-g0d030f2227 (webtiles) character file.

Game seed: 4915405017120250003

2 Descartes the Grasshopper (level 1, 15/16 HPs)
             Began as a Formicid Warper on Apr 11, 2022.
             Was an Initiate of Ru.
             Got out of the dungeon alive.
             The game lasted 00:00:51 (222 turns).

Descartes the Grasshopper (Formicid Warper)          Turns: 222, Time: 00:00:51

Health: 15/16      AC:  3    Str: 15    XL:     1   Next: 44%
Magic:  3/3        EV: 11    Int: 12    God:    Ru [......]
Gold:   19         SH:  0    Dex: 10    Spells: 4/4 levels left

rFire   . . .      SeeInvis +   a - +0 hand axe
rCold   . . .      Faith    .   (no shield)
rNeg    . . .      Spirit   .   b - +0 leather armour
rPois   .          Reflect  .   (helmet unavailable)
rElec   .          Harm     .   (no cloak)
rCorr   .          Rampage  .   (no gloves)
Will    .....                   (no boots)
Stlth   +.........              (no amulet)
HPRegen 0.05/turn               (no ring)
MPRegen 0.08/turn               (no ring)

@: no status effects
A: permanent stasis, dig shafts and tunnels, antennae 3, four strong arms
a: Dig, Shaft Self, Renounce Religion, Sacrifice a Hand, Sacrifice Resistance,
Sacrifice Stealth, Reject Sacrifices


You escaped.
You worshipped Ru.
Ru was noncommittal.
You visited 1 branch of the dungeon, and saw 1 of its levels.

You collected 19 gold pieces.

Inventory:

Hand Weapons
 a - a +0 hand axe (weapon)
Missiles
 c - 5 boomerangs of dispersal (quivered)
Armour
 b - a +0 leather armour (worn)
Scrolls
 d - a scroll of identify {unknown}
Potions
 e - a potion of might {unknown}


   Skills:
 - Level 2.1 Fighting
 + Level 2.1 Axes
 - Level 1.0 Throwing
 + Level 1.2 Armour
 - Level 1.7 Dodging
 - Level 2.1 Spellcasting
 + Level 2.7 Translocations


You had 4 spell levels left.
You didn't know any spells.
Your spell library contained the following spells:

 Spells                   Type           Power      Damage    Failure   Level
 Gell's Gravitas          Tloc           7%         N/A       32%         3
 Lesser Beckoning         Tloc           7%         N/A       32%         3
 Teleport Other           Tloc           7%         N/A       32%         3
 Manifold Assault         Tloc           7%         N/A       96%         5
 Blink                    Tloc           Unusable   N/A       N/A         2

Dungeon Overview and Level Annotations

Branches:
Dungeon (1/15)

Altars:
Ru


Innate Abilities, Weirdness & Mutations

You cannot be hasted, slowed, berserked, paralysed or teleported.
You can dig through walls and to a lower floor.
You have a pair of large antennae on your head. (SInv)
Your four strong arms can wield two-handed weapons with a shield.


Message History

Ru accepts your prayer! Ru welcomes you!
A bat comes into view.
You can't go up here!
A hobgoblin comes into view.
The hobgoblin shouts!
You hear an angry hiss.
You hit the bat but do no damage. The bat hits you but does no damage.
You completely miss the bat. The bat closely misses you.
The bat barely misses you.
You barely miss the bat. The bat closely misses you.
A ball python comes into view.
The ball python hisses angrily.
You hit the bat but do no damage. The bat barely misses you.
A quokka comes into view.
The bat hits you but does no damage.
You closely miss the bat. The bat misses you.
The bat hits you but does no damage.
You hit the bat but do no damage. You hit the hobgoblin but do no damage.
The bat hits you but does no damage. The hobgoblin barely misses you.
The bat barely misses you. The hobgoblin closely misses you.
The bat barely misses you. The bat hits you but does no damage.
The bat barely misses you.
Ru believes you are ready to make a new sacrifice.
The bat closely misses you. The bat hits you but does no damage.
The bat hits you. The bat closely misses you.
The bat hits you but does no damage.
There is a staircase leading out of the dungeon here.
Are you sure you want to leave the Dungeon?
This will make you lose the game! The bat misses you.
The ball python misses you. The ball python grabs you.
You stop ascending the stairs.
The ball python constricts you.
Unknown command.
Unknown command.
You can't go down here!
Are you sure you want to leave the Dungeon?
This will make you lose the game!
You escape the ball python's grasp.
The bat hits you but does no damage.
The ball python bites you but does no damage.
The ball python closely misses you.
You have escaped!

#.###..........##.###
#........#####.##....
#..##..#####...#..###
#...........†....##
#.#(.#.....#....####
#...##8###8##......#
#..........#...###.#
#....#.....#...# #.# .#
#....#..@S.#...###.##.#
#.#..#...gr#...##.....#
#..[.#...b.....#...####
##..##8###8##....#..#
#...#.....##...###.# {
#...........r.## .# {
#.............####...
####...###...........
##..##..####..###.#


You could see a quokka, a hobgoblin, a bat and a ball python.

Vanquished Creatures
  2 bats (D:1)
  A ball python (D:1)
3 creatures vanquished.

Notes
Turn   | Place    | Note
-------+----------+-------------------------------------------
     0 | D:1      | Descartes the Formicid Warper began the quest for the Orb.
     0 | D:1      | Reached XP level 1. HP: 16/16 MP: 3/3
   192 | D:1      | Found a faded altar of an unknown god.
   197 | D:1      | Prayed at the altar of an unknown god.
   197 | D:1      | Became a worshipper of Ru the Awakened
   222 | D:$      | Got out of the dungeon alive.

Illustrated notes

Levels and vault maps discovered:
D:1:      scummos_arrival_simple_crosswalls, layout_rooms,
          ebering_ecumenical_altar_abandoned, serial_shops,
          nicolae_shop_competitors_out_of_business

Action                   || total
-------------------------++-------
Melee: Hand axe          ||    21
Armor: Leather armour    ||    19
Dodge: Dodged            ||    35
